 Dungeon Crawl Stone Soup version 0.28.0-53-g5a82cb258f (webtiles) character file.

Game seed: 17752916091284307424

17 DemonSlayer the Firebug (level 2, -4/19 HPs)
             Began as a Demonspawn Fire Elementalist on July 28, 2022.
             Frozen to death by an endoplasm (5 damage)
             ... on level 1 of the Dungeon.
             The game lasted 00:01:48 (734 turns).

DemonSlayer the Firebug (DsFE)                       Turns: 734, Time: 00:01:50

Health: -4/19      AC:  3    Str:  8    XL:     2   Next: 44%
Magic:  3/5        EV: 15    Int: 16    God:
Gold:   17         SH:  5    Dex: 13    Spells: 4/5 levels left

rFire   . . .      SeeInvis .   f - +0 short sword
rCold   . . .      Faith    .   g - +2 buckler
rNeg    . . .      Spirit   .   a - +0 robe
rPois   .          Reflect  .   (no helmet)
rElec   .          Harm     .   e - +0 cloak
rCorr   .          Rampage  .   (no gloves)
Will    .....                   (no boots)
Stlth   ++........              (no amulet)
HPRegen 0.06/turn               c - +4 ring of evasion
MPRegen 0.09/turn               (no ring)

@: no status effects
A: demonic touch 1
a: no special abilities


You were on level 1 of the Dungeon.
You visited 1 branch of the dungeon, and saw 1 of its levels.

You collected 17 gold pieces.

Inventory:

Hand Weapons
 f - a +0 short sword (weapon)
Armour
 a - a +0 robe (worn)
 e - a +0 cloak (worn)
 g - a +2 buckler (worn)
Jewellery
 c - a +4 ring of evasion (left hand)
Scrolls
 b - a scroll of fear {unknown}
 h - 2 scrolls of immolation {unknown}
Potions
 d - a potion of curing {unknown}


   Skills:
 + Level 0.3 Short Blades
 + Level 1.9 Dodging
 + Level 1.8 Stealth
 + Level 2.2 Spellcasting
 + Level 1.0 Conjurations
 + Level 3.1 Fire Magic


You had 4 spell levels left.
You knew the following spells:

 Your Spells              Type           Power      Damage    Failure   Level
a - Foxfire               Conj/Fire      32%        2x1d5     12%         1

Your spell library contained the following spells:

 Spells                   Type           Power      Damage    Failure   Level
 Scorch                   Fire           22%        2d6       12%         2
 Conjure Flame            Conj/Fire      8%         6-21      34%         3
 Corpse Rot               Necr/Air       2%         N/A       38%         2
 Poisonous Vapours        Pois/Air       2%         N/A       38%         2
 Inner Flame              Hex/Fire       6%         N/A       41%         3
 Flame Wave               Conj/Fire      8%         2d5       75%         4


Dungeon Overview and Level Annotations

Branches:
Dungeon (1/15)

Altars:


Innate Abilities, Weirdness & Mutations

Your touch may inflict minor irresistible damage on your foes.


Message History

The quokka bites you. The quokka misses you.
You conjure some foxfire!
The quokka bites you.
The foxfire hits the goblin.
The goblin is severely wounded.
You conjure some foxfire!
You block the quokka's attack.
There is not enough space to conjure foxfire!
There is not enough space to conjure foxfire!
You closely miss the goblin.
The goblin is severely wounded.
The foxfire hits the endoplasm.
The endoplasm is heavily wounded.
The quokka bites you. The goblin hits you with a +0 club.
The quokka bites you but does no damage.
Unknown command.
You are too injured to fight recklessly!
You barely miss the quokka. You block the quokka's attack.
The goblin misses you. The endoplasm closely misses you.
You miss the goblin.
The goblin is severely wounded.
The quokka completely misses you. The endoplasm barely misses you.
The goblin closely misses you. The quokka misses you.
You hit the goblin.
You kill the goblin!
The endoplasm freezes you.
You are frozen.
* * * LOW HITPOINT WARNING * * *
You block the quokka's attack.
You hit the endoplasm but do no damage.
The endoplasm is heavily wounded.
The endoplasm freezes you.
You are frozen.
* * * LOW HITPOINT WARNING * * *
You hit the endoplasm.
The endoplasm is severely wounded.
The endoplasm freezes you.
You are frozen.
* * * LOW HITPOINT WARNING * * *
The endoplasm freezes you.
You are frozen.
You die...

###..# ##.#####. #..# ####..####.
#..########.......... #........#
#...#.... ##.#####.# #....#.#.
#.# #.######..#.#. #.#
#.#...##..#.#.
##############)#####.#.#.##..#...
'.............rJ@....#.......#.#.
##############.#######.#..(......
#.........#.........
###########..##.#... #..# .####
#... .# ##.#### #.#


You could see an endoplasm and a quokka.

Vanquished Creatures
  A bat (D:1)
  3 endoplasms (D:1)
  2 giant cockroaches (D:1)
  2 goblins (D:1)
  A hobgoblin (D:1)
  A kobold (D:1)
  A quokka (D:1)
  A frilled lizard (D:1)
  2 rats (D:1)
14 creatures vanquished.

Vanquished Creatures (others)
  43 foxfires (D:1)
43 creatures vanquished.

Grand Total: 57 creatures vanquished

Notes
Turn   | Place    | Note
-------+----------+-------------------------------------------
     0 | D:1      | DemonSlayer the Demonspawn Fire Elementalist began the
                  | quest for the Orb.
     0 | D:1      | Reached XP level 1. HP: 13/13 MP: 3/3
   224 | D:1      | Reached skill level 3 in Fire Magic
   339 | D:1      | Gained mutation: Your touch may inflict minor irresistible
                  | damage on your foes. [demonic ancestry]
   339 | D:1      | Reached XP level 2. HP: 19/19 MP: 0/5
   734 | D:1      | Frozen to death by an endoplasm

Illustrated notes

Levels and vault maps discovered:
D:1:      giann_forest_graveyard, layout_basic

Skill      XL: |  1 |
---------------+----+-----
Fire Magic     | 3 |  3.1
Short Blades   | |  0.3
Dodging        | |  1.9
Stealth        | |  1.8
Spellcasting   | |  2.2
Conjurations   | |  1.0

Action                   || total
-------------------------++-------
Melee: Short sword       ||    19
 Cast: Foxfire           ||    29
Armor: Robe              ||     6
Dodge: Dodged            ||    21
Block: Buckler           ||     6
